AoeStats
← TIMVP

Arena

509636918Analyzed
1v1 RM · 3d ago on Sep 27, 2026· 42m 11s· 2 players
Game mode
Random Map
Map size
Tiny (2 player)
Population
200
Speed
Normal
Resources
Standard
Victory
Conquest
Starting age
Dark Age
Ending age
Imperial Age
RankedLock teamsTeams togetherTeam positionsShared explorationLock speedFull tech treeHidden civsTurbo modeCheats
Victory
Defeat
🇵🇪 Danes · Peru
464
+17
🇦🇷 Franks · Argentina
480
-17
TIMVP
5:46 Loom
11:22 Feudal Age
11:51 Double-Bit Axe
12:46 Wheelbarrow
19:39 Castle Age
17:48 Stone Mining
21:13 Scale Mail Armor
21:55 Stone Shaft Mining
21:32 Squires
23:50 Horse Collar
27:46 Heavy Plow
29:10 Bow Saw
30:04 Gold Mining
34:50 Imperial Age
33:25 Forging
32:46 Pikeman
35:29 Chain Mail Armor
35:42 Ballistics
35:38 Masonry
35:38 Siege Engineers
35:17 Northmen's Fury
36:06 Gold Mining
37:48 Plate Mail Armor
37:20 Halberdier
38:28 Capped Ram
39:29 Siege Ram
42:27 Chemistry
41:28 Murder Holes
DIEGO EGJ
1:48 Loom
21:58 Feudal Age
25:25 Castle Age
25:43 Forging
25:38 Scale Barding Armor
26:30 Wheelbarrow
29:37 Chain Barding Armor
30:22 Double-Bit Axe
30:32 Gold Mining
30:33 Stone Mining
38:49 Imperial Age
36:58 Hand Cart
37:23 Bow Saw
38:36 Gold Shaft Mining
40:06 Conscription
39:47 Chivalry
40:27 Iron Casting
40:28 Plate Barding Armor
39:56 Husbandry
Connection lost

Rejoining the realm…

Still unreachable

The connection could not be restored.

Session expired

The server has moved on; the page needs a fresh start.